Map: 공허 분쇄

Players

에이아이

  • Race: Zerg Zerg

JamesRaider

  • Race: Terran Terran
  • Spawn Location: 6:00

VOD

Have the link to the VOD?

Description

Time

  • Played on: June 28, 2019, 11:44 a.m.
  • Length: 15:55
Show
View Real Time Build Order
Export as new Build Order

에이아이 Zerg 

Build Orders:  

Get SALT Encoding   

  12  0:03  Drone  
  13  0:10  Drone  
  14  0:22  Overlord  
  14  0:47  Drone x5  
  19  0:50  Drone  
  19  0:59  Drone  
  21  1:07  Drone  
  21  1:09  Extractor  
  21  1:15  Overlord  
  21  1:24  Drone  
  22  1:33  Spawning Tool  
  21  1:45  Zergling x2, Extractor  
  21  1:46  Zergling x2  
  22  1:50  Zergling x2  
  23  2:00  Drone  
  23  2:09  Drone  
  25  2:21  Drone  
  25  2:27  Drone  
  27  2:40  Infestation Pit, Drone  
  27  2:45  Drone  
  28  2:54  Drone  
  29  3:03  Drone  
  30  3:13  Hatchery  
  30  3:17  Drone  
  30  3:40  Drone  
  30  3:43  Drone  
  30  3:46  Drone  
  33  3:51  Drone  
  34  4:26  Drone x2  
  36  4:32  Super Gary  
  36  4:33  Overlord  
  36  4:37  Extractor  
  36  4:38  Extractor  
  34  4:40  Drone  
  35  5:00  Zergling x4  
  35  5:02  Drone  
  35  5:03  Drone x3  
  35  5:05  Adrenal Glands  
  35  5:07  Drone  
  42  5:27  Drone, Overlord  
  42  5:28  Overlord  
  43  5:32  Hardened Ergonergy Shield  
  43  5:43  Zergling x2  
  43  5:45  Overlord  
  44  5:54  Evolution Chamber  
  43  6:04  Zergling x4  
  45  6:11  Overlord  
  45  6:12  Drone  
  45  6:13  Drone x4  
  45  6:17  Zerg Melee Weapons Level 1  
  50  6:33  Zergling x2  
  50  6:34  Zergling x10  
  56  6:46  Drone x2  
  58  6:51  Ultralisk Cavern  
  57  7:10  Drone x2  
  57  7:11  Drone x3  
  57  7:12  Zergling x2  
  57  7:16  Mecha Mooch Module, Zergling x2, Electrostatic Surprise  
  64  7:31  Zergling x4  
  64  7:33  Zergling x2  
  67  7:45  Hatchery  
  66  7:51  Metabolic Boost  
  66  7:52  Zergling x2, Zerg Ground Armor Level 1  
  66  7:58  Zergling x2  
  66  7:59  Zergling x4  
  70  8:24  Zergling x2  
  70  8:25  Zergling x4  
  70  8:27  Zergling x2, Overlord x3  
  70  8:28  Zergling x2  
  70  8:29  Zergling  
  75  8:34  Zergling  
  75  8:35  Chitanium Plating  
  75  8:38  Zergling x5  
  77  8:50  Zergling x6  
  77  8:53  Overlord  
  77  8:57  Zergling  
  78  9:00  Zergling  
  78  9:10  Zergling  
  78  9:12  Zergling  
  77  9:37  Ultralisk x3  
  93  9:40  Zergling x2  
  93  9:41  Zergling x2  
  93  9:46  Zergling  
  95  9:52  Drone  
  95  9:58  Overlord x2  
  96  10:08  Zergling  
  96  10:12  Zergling  
  96  10:13  Zergling, Ultralisk  
  96  10:16  Zergling  
  96  10:17  Spine Crawler  
  101  10:21  Zerg Melee Weapons Level 2  
  101  10:22  Zergling  
  101  10:24  Zergling x2  
  101  10:27  Zergling  
  101  10:29  Zergling  
  102  10:30  Zergling  
  102  10:31  Zergling  
  102  10:33  Zergling  
  102  10:36  Zergling  
  102  10:38  Zergling  
  100  10:41  Ultralisk  
  100  10:43  Zergling  
  100  10:46  Zergling  
  100  10:47  Zerg Ground Armor Level 2  
  105  10:57  Zergling  
  102  11:01  Zergling x14  
  107  11:16  Zergling x2  
  108  11:21  Zergling  
  108  11:22  Zergling  
  108  11:23  Zergling  
  108  11:24  Zergling x2  
  108  11:25  Zergling  
  108  11:27  Zergling  
  108  11:28  Zergling  
  108  11:29  Zergling  
  106  11:32  Zergling  
  106  11:34  Zergling x5  
  106  11:35  Zergling x2  
  106  11:37  Zergling  
  106  11:41  Zergling x12  
  106  11:42  Zergling x16  
  106  11:45  Overlord  
  117  11:56  Zergling  
  117  11:57  Zergling x10  
  116  12:10  Zergling x10  
  116  12:17  Zergling  
  116  12:19  Zergling  
  121  12:24  Ultralisk  
  121  12:49  Ultralisk  
  126  12:51  Zergling x2  
  126  12:58  Zergling  
  127  13:00  Zergling  
  127  13:04  Zergling  
  127  13:06  Ultralisk  
  127  13:07  Zergling x2, Overlord  
  127  13:08  Overlord  
  134  13:11  Zergling x2  
  134  13:13  Zergling x3  
  134  13:15  Zergling x3  
  134  13:16  Zergling x4  
  137  13:24  Zergling  
  137  13:25  Zergling  
  137  13:26  Zergling  
  137  13:27  Zergling  
  137  13:28  Zergling  
  137  13:29  Zergling x6  
  136  13:30  Zergling  
  136  13:31  Overlord x2  
  134  13:40  Zergling  
  134  13:44  Zergling x8  
  134  13:45  Zergling x5  
  134  13:47  Zergling  
  140  13:53  Zergling x2  
  140  13:54  Zergling x4  
  140  13:58  Zergling  
  138  14:01  Zergling x2  
  138  14:02  Zergling x7  
  138  14:09  Zergling x6  
  139  14:15  Zergling  
  139  14:17  Zergling x4  
  139  14:18  Zergling x2  
  138  14:39  Zergling x4  
  89  14:40  Zergling x4  
  135  14:43  Zergling  
  135  14:49  Zergling x2  
  90  14:50  Zergling x12  
  138  14:56  Zergling x10  
  150  15:08  Zergling x3  
  150  15:11  Zergling x2  
  150  15:12  Zergling x10  
Show
View Real Time Build Order
Export as new Build Order

JamesRaider Terran 

Build Orders:  

Get SALT Encoding   

  12  0:05  SCV  
Tags
 
Add a new tag
Caveats
  • Supply blocks, unpowered buildings, or Contaminate may cause inaccurate times.
  • Supply counts are checked every 10 seconds.